[ PARTIDA AOE2 · #462580773 ]
UnrankedCeltas vs Huns
[ ANÁLISIS DE REPETICIÓN · EXTRAÍDO DE LA PARTIDA GRABADA ]
Feudal
11:00
Castillos
23:28
Imperial
37:38
| APM promedio | 22.3 |
| APM pico | 83 |
| eAPM promedio | 12.0 |
| Aldeanos / militares | 90 / 443 |
Foco
⚔️ 59.0% · 🌾 41.0%
Spearman ×181 · Knight ×142 · Skirmisher ×71 · Trade Cart ×24 · Woad Raider ×18 · Scorpion ×14
Feudal
12:05
Castillos
31:21
Imperial
55:32
| APM promedio | 24.1 |
| APM pico | 60 |
| eAPM promedio | 16.2 |
| Aldeanos / militares | 184 / 935 |
Foco
⚔️ 40.5% · 🌾 59.5%
Cavalry Archer ×417 · Scout Cavalry ×355 · Skirmisher ×115 · Tarkan ×19 · Spearman ×10 · Archer ×8
Feudal
11:37
Castillos
24:07
Imperial
40:28
| APM promedio | 16.5 |
| APM pico | 64 |
| eAPM promedio | 10.5 |
| Aldeanos / militares | 86 / 230 |
Foco
⚔️ 40.4% · 🌾 59.6%
Mameluke ×207 · Archer ×23 · Trade Cart ×3
Feudal
—
Castillos
—
Imperial
—
| APM promedio | 7.5 |
| APM pico | 24 |
| eAPM promedio | 6.3 |
| Aldeanos / militares | 107 / 532 |
Foco
⚔️ 58.7% · 🌾 41.3%
Jaguar Warrior ×439 · Eagle Scout ×65 · Battering Ram ×28
Feudal
12:54
Castillos
30:46
Imperial
46:09
| APM promedio | 22.1 |
| APM pico | 92 |
| eAPM promedio | 10.7 |
| Aldeanos / militares | 79 / 308 |
Foco
⚔️ 54.6% · 🌾 45.4%
Spearman ×123 · Archer ×98 · Centurion ×49 · Scorpion ×32 · Trade Cart ×18 · Trebuchet (Packed) ×4
Feudal
15:54
Castillos
—
Imperial
—
| APM promedio | 5.9 |
| APM pico | 61 |
| eAPM promedio | 1.9 |
| Aldeanos / militares | 41 / 9 |
Foco
⚔️ 9.8% · 🌾 90.2%
Militia ×9
Feudal
—
Castillos
—
Imperial
—
| APM promedio | 25.9 |
| APM pico | 98 |
| eAPM promedio | 9.1 |
| Aldeanos / militares | 182 / 605 |
Foco
⚔️ 36.9% · 🌾 63.1%
Karambit Warrior ×524 · Scorpion ×70 · Bombard Cannon ×5 · Mangonel ×4 · Trade Cart ×3 · Spearman ×2
Feudal
11:49
Castillos
26:58
Imperial
43:32
| APM promedio | 23.2 |
| APM pico | 97 |
| eAPM promedio | 14.0 |
| Aldeanos / militares | 114 / 320 |
Foco
⚔️ 37.7% · 🌾 62.3%
Scorpion ×121 · Knight ×87 · Spearman ×87 · Battering Ram ×9 · Scout Cavalry ×7 · Trebuchet (Packed) ×6
Mapa de la partida
Recursos iniciales + cada clic de construcción. Líneas = muros · curvas = relieve. ◆ oro · ⬟ piedra · ● bayas · ✦ reliquia · ◌ hueco del cierre
Inputs por minuto
— armimen56 - - Naptime
Build order — armimen56
Primeras 150 de 706 acciones detectadas
| 0:06 | Construir | House |
| 0:10 | Crear | Villager (Male) |
| 0:10 | Crear | Villager (Male) |
| 0:10 | Crear | Villager (Male) |
| 0:10 | Crear | Villager (Male) |
| 0:11 | Crear | Villager (Male) |
| 0:11 | Investigar | Loom |
| 1:45 | Crear | Villager (Male) |
| 2:34 | Construir | House |
| 2:46 | Crear | Villager (Male) |
| 3:04 | Crear | Villager (Male) |
| 3:29 | Crear | Villager (Male) |
| 3:54 | Crear | Villager (Male) |
| 4:27 | Construir | Mill |
| 4:42 | Crear | Villager (Male) |
| 4:43 | Crear | Villager (Male) |
| 4:43 | Crear | Villager (Male) |
| 4:54 | Construir | House |
| 5:14 | Construir | Mining Camp |
| 6:36 | Crear | Villager (Male) |
| 6:36 | Crear | Villager (Male) |
| 6:37 | Crear | Villager (Male) |
| 8:50 | Investigar | Feudal Age |
| 9:13 | Construir | House |
| 10:10 | Construir | Farm |
| 10:13 | Construir | Farm |
| 10:17 | Construir | Farm |
| 11:00 | Edad | Edad Feudal |
| 11:10 | Construir | Lumber Camp |
| 11:17 | Crear | Villager (Male) |
| 11:17 | Crear | Villager (Male) |
| 11:18 | Crear | Villager (Male) |
| 11:18 | Crear | Villager (Male) |
| 11:19 | Crear | Villager (Male) |
| 11:19 | Crear | Villager (Male) |
| 12:17 | Investigar | Double-Bit Axe |
| 12:24 | Crear | Villager (Male) |
| 12:24 | Crear | Villager (Male) |
| 12:46 | Construir | Farm |
| 12:57 | Construir | House |
| 13:05 | Crear | Villager (Male) |
| 13:08 | Construir | Farm |
| 13:23 | Construir | Farm |
| 13:43 | Construir | Farm |
| 14:20 | Construir | Barracks |
| 14:41 | Crear | Villager (Male) |
| 14:41 | Crear | Villager (Male) |
| 14:47 | Construir | House |
| 14:52 | Construir | House |
| 15:18 | Construir | Stable |
| 15:33 | Construir | Farm |
| 15:37 | Construir | Farm |
| 15:42 | Construir | Farm |
| 15:54 | Construir | Watch Tower |
| 16:05 | Investigar | Horse Collar |
| 16:19 | Construir | Farm |
| 16:24 | Crear | Villager (Male) |
| 16:24 | Crear | Villager (Male) |
| 16:24 | Crear | Villager (Male) |
| 16:37 | Crear | Scout Cavalry |
| 16:37 | Crear | Scout Cavalry |
| 16:37 | Crear | Scout Cavalry |
| 16:38 | Crear | Scout Cavalry |
| 16:38 | Crear | Scout Cavalry |
| 16:38 | Crear | Scout Cavalry |
| 17:03 | Investigar | Wheelbarrow |
| 17:12 | Construir | Blacksmith |
| 17:27 | Construir | House |
| 17:29 | Construir | House |
| 17:39 | Crear | Villager (Male) |
| 17:39 | Crear | Villager (Male) |
| 17:42 | Construir | Farm |
| 18:15 | Construir | Archery Range |
| 18:51 | Construir | Farm |
| 19:12 | Construir | Farm |
| 19:25 | Construir | Farm |
| 19:39 | Crear | Archer |
| 19:39 | Crear | Archer |
| 19:41 | Crear | Archer |
| 19:52 | Construir | Watch Tower |
| 20:48 | Investigar | Castle Age |
| 20:53 | Investigar | Scale Barding Armor |
| 21:31 | Crear | Spearman |
| 21:32 | Crear | Spearman |
| 21:32 | Crear | Spearman |
| 21:32 | Crear | Spearman |
| 21:33 | Crear | Spearman |
| 21:33 | Crear | Spearman |
| 22:08 | Construir | House |
| 22:09 | Construir | House |
| 22:10 | Construir | House |
| 22:11 | Construir | House |
| 22:12 | Construir | House |
| 23:28 | Edad | Edad de los Castillos |
| 23:51 | Crear | Knight |
| 23:51 | Crear | Knight |
| 23:51 | Crear | Knight |
| 23:52 | Crear | Knight |
| 23:52 | Crear | Knight |
| 23:52 | Crear | Knight |
| 23:59 | Investigar | Pikeman (upgrade) |
| 24:00 | Investigar | Gambesons |
| 24:05 | Investigar | Bow Saw |
| 25:24 | Construir | Lumber Camp |
| 25:32 | Investigar | Gold Mining |
| 25:36 | Crear | Villager (Male) |
| 25:37 | Crear | Villager (Male) |
| 25:37 | Crear | Villager (Male) |
| 25:37 | Crear | Villager (Male) |
| 25:40 | Investigar | Stone Mining |
| 27:16 | Construir | Mining Camp |
| 27:20 | Investigar | Gold Shaft Mining |
| 27:22 | Investigar | Stone Shaft Mining |
| 27:47 | Crear | Knight |
| 27:47 | Crear | Knight |
| 27:48 | Crear | Knight |
| 27:48 | Crear | Knight |
| 27:48 | Crear | Knight |
| 28:20 | Investigar | Chain Barding Armor |
| 28:33 | Construir | Castle |
| 29:13 | Investigar | Husbandry |
| 29:29 | Crear | Villager (Male) |
| 29:29 | Crear | Villager (Male) |
| 29:30 | Crear | Villager (Male) |
| 29:30 | Crear | Villager (Male) |
| 30:23 | Construir | Mining Camp |
| 30:30 | Construir | Farm |
| 30:38 | Construir | Farm |
| 30:57 | Crear | Woad Raider |
| 30:57 | Crear | Woad Raider |
| 30:58 | Crear | Woad Raider |
| 30:58 | Crear | Woad Raider |
| 31:17 | Construir | Market |
| 31:21 | Construir | University |
| 32:30 | Investigar | Hand Cart |
| 34:15 | Crear | Trade Cart |
| 34:15 | Crear | Trade Cart |
| 34:16 | Crear | Trade Cart |
| 34:16 | Crear | Trade Cart |
| 34:28 | Investigar | Imperial Age |
| 35:25 | Investigar | Heavy Plow |
| 35:41 | Construir | Farm |
| 36:57 | Construir | Town Center |
| 37:05 | Crear | Knight |
| 37:06 | Crear | Knight |
| 37:06 | Crear | Knight |
| 37:06 | Crear | Knight |
| 37:06 | Crear | Knight |
| 37:07 | Crear | Knight |
| 37:38 | Edad | Edad Imperial |
Build order — Naptime
Primeras 150 de 746 acciones detectadas
| 0:16 | Crear | Villager (Male) |
| 0:16 | Crear | Villager (Male) |
| 0:17 | Crear | Villager (Male) |
| 0:17 | Crear | Villager (Male) |
| 1:35 | Crear | Villager (Male) |
| 1:35 | Crear | Villager (Male) |
| 2:36 | Crear | Villager (Male) |
| 2:36 | Crear | Villager (Male) |
| 2:37 | Crear | Villager (Male) |
| 2:37 | Crear | Villager (Male) |
| 2:37 | Crear | Villager (Male) |
| 2:57 | Crear | Villager (Male) |
| 2:58 | Crear | Villager (Male) |
| 2:58 | Crear | Villager (Male) |
| 2:58 | Crear | Villager (Male) |
| 2:58 | Crear | Villager (Male) |
| 3:37 | Crear | Villager (Male) |
| 3:37 | Crear | Villager (Male) |
| 3:40 | Crear | Villager (Male) |
| 3:40 | Crear | Villager (Male) |
| 4:32 | Crear | Villager (Male) |
| 4:33 | Crear | Villager (Male) |
| 4:33 | Crear | Villager (Male) |
| 5:20 | Crear | Villager (Male) |
| 5:20 | Crear | Villager (Male) |
| 5:21 | Crear | Villager (Male) |
| 5:21 | Crear | Villager (Male) |
| 5:21 | Crear | Villager (Male) |
| 5:21 | Crear | Villager (Male) |
| 5:21 | Crear | Villager (Male) |
| 5:22 | Crear | Villager (Male) |
| 5:35 | Construir | Lumber Camp |
| 5:45 | Crear | Villager (Male) |
| 5:45 | Crear | Villager (Male) |
| 5:46 | Crear | Villager (Male) |
| 5:46 | Crear | Villager (Male) |
| 5:46 | Crear | Villager (Male) |
| 5:46 | Crear | Villager (Male) |
| 6:40 | Crear | Villager (Male) |
| 6:45 | Crear | Villager (Male) |
| 6:45 | Crear | Villager (Male) |
| 6:46 | Crear | Villager (Male) |
| 6:46 | Crear | Villager (Male) |
| 6:46 | Crear | Villager (Male) |
| 7:28 | Crear | Villager (Male) |
| 7:29 | Crear | Villager (Male) |
| 7:57 | Construir | Mining Camp |
| 8:12 | Crear | Villager (Male) |
| 8:12 | Crear | Villager (Male) |
| 8:13 | Crear | Villager (Male) |
| 8:13 | Crear | Villager (Male) |
| 8:36 | Crear | Villager (Male) |
| 8:36 | Crear | Villager (Male) |
| 8:37 | Crear | Villager (Male) |
| 9:41 | Crear | Villager (Male) |
| 9:41 | Crear | Villager (Male) |
| 9:51 | Investigar | Feudal Age |
| 10:04 | Construir | Barracks |
| 10:10 | Construir | Mining Camp |
| 10:26 | Crear | Villager (Male) |
| 10:26 | Crear | Villager (Male) |
| 10:26 | Crear | Villager (Male) |
| 10:58 | Construir | Mill |
| 11:44 | Crear | Militia |
| 11:44 | Crear | Militia |
| 11:44 | Crear | Militia |
| 11:53 | Construir | Farm |
| 11:54 | Construir | Farm |
| 11:58 | Crear | Villager (Male) |
| 11:59 | Crear | Villager (Male) |
| 12:05 | Edad | Edad Feudal |
| 12:09 | Construir | Farm |
| 12:15 | Construir | Farm |
| 12:24 | Crear | Militia |
| 12:29 | Investigar | Man-at-Arms (upgrade) |
| 12:49 | Crear | Villager (Male) |
| 13:11 | Crear | Militia |
| 13:32 | Construir | Market |
| 13:38 | Crear | Villager (Male) |
| 13:38 | Crear | Villager (Male) |
| 13:52 | Construir | Farm |
| 13:52 | Construir | Farm |
| 13:53 | Construir | Farm |
| 13:53 | Construir | Farm |
| 14:20 | Crear | Villager (Male) |
| 14:30 | Construir | Lumber Camp |
| 14:37 | Crear | Villager (Male) |
| 14:38 | Crear | Villager (Male) |
| 14:38 | Crear | Villager (Male) |
| 15:44 | Crear | Villager (Male) |
| 15:49 | Construir | Blacksmith |
| 15:54 | Crear | Militia |
| 15:57 | Crear | Villager (Male) |
| 15:58 | Crear | Villager (Male) |
| 16:02 | Construir | Farm |
| 16:03 | Construir | Farm |
| 16:19 | Investigar | Double-Bit Axe |
| 16:29 | Construir | Farm |
| 16:29 | Construir | Farm |
| 17:27 | Construir | Mining Camp |
| 17:37 | Crear | Villager (Male) |
| 17:38 | Crear | Villager (Male) |
| 17:38 | Crear | Villager (Male) |
| 17:51 | Construir | Farm |
| 18:01 | Investigar | Horse Collar |
| 18:09 | Crear | Militia |
| 18:22 | Crear | Spearman |
| 18:50 | Crear | Villager (Male) |
| 19:14 | Construir | Lumber Camp |
| 19:32 | Construir | Farm |
| 19:33 | Construir | Farm |
| 19:34 | Construir | Farm |
| 19:39 | Investigar | Gold Mining |
| 19:43 | Investigar | Stone Mining |
| 20:03 | Construir | Mining Camp |
| 20:07 | Crear | Villager (Male) |
| 20:08 | Crear | Villager (Male) |
| 20:19 | Investigar | Loom |
| 20:32 | Construir | Stable |
| 21:03 | Crear | Villager (Male) |
| 21:03 | Crear | Villager (Male) |
| 21:38 | Crear | Spearman |
| 21:44 | Crear | Scout Cavalry |
| 21:58 | Construir | Archery Range |
| 22:08 | Crear | Villager (Male) |
| 22:09 | Crear | Villager (Male) |
| 22:16 | Construir | Watch Tower |
| 22:23 | Construir | Watch Tower |
| 22:40 | Construir | Watch Tower |
| 22:44 | Construir | Watch Tower |
| 22:48 | Construir | Watch Tower |
| 22:49 | Construir | Watch Tower |
| 23:06 | Crear | Villager (Male) |
| 23:06 | Crear | Villager (Male) |
| 23:16 | Investigar | Wheelbarrow |
| 23:29 | Crear | Spearman |
| 23:29 | Crear | Spearman |
| 23:34 | Crear | Archer |
| 23:35 | Crear | Archer |
| 23:35 | Crear | Archer |
| 23:41 | Investigar | Fletching |
| 23:51 | Construir | Watch Tower |
| 23:54 | Crear | Villager (Male) |
| 23:54 | Crear | Villager (Male) |
| 23:54 | Crear | Villager (Male) |
| 24:01 | Construir | Watch Tower |
| 24:38 | Construir | Farm |
| 24:38 | Construir | Farm |
| 24:52 | Construir | Watch Tower |
| 25:02 | Construir | Watch Tower |
Build order — titobr6
Primeras 150 de 432 acciones detectadas
| 0:15 | Crear | Villager (Male) |
| 0:15 | Crear | Villager (Male) |
| 0:15 | Crear | Villager (Male) |
| 0:16 | Crear | Villager (Male) |
| 0:16 | Crear | Villager (Male) |
| 0:17 | Investigar | Loom |
| 0:41 | Construir | House |
| 0:42 | Construir | House |
| 0:44 | Construir | House |
| 2:25 | Crear | Villager (Male) |
| 2:26 | Crear | Villager (Male) |
| 3:16 | Construir | Lumber Camp |
| 3:21 | Crear | Villager (Male) |
| 3:21 | Crear | Villager (Male) |
| 3:21 | Crear | Villager (Male) |
| 3:22 | Crear | Villager (Male) |
| 3:22 | Crear | Villager (Male) |
| 4:52 | Crear | Villager (Male) |
| 4:52 | Crear | Villager (Male) |
| 5:34 | Crear | Villager (Male) |
| 5:34 | Crear | Villager (Male) |
| 6:09 | Construir | Mill |
| 7:11 | Crear | Villager (Male) |
| 7:12 | Crear | Villager (Male) |
| 7:14 | Crear | Villager (Male) |
| 9:27 | Investigar | Feudal Age |
| 10:18 | Construir | House |
| 10:19 | Construir | House |
| 10:21 | Construir | House |
| 10:52 | Construir | Mining Camp |
| 11:37 | Edad | Edad Feudal |
| 11:56 | Investigar | Double-Bit Axe |
| 11:59 | Investigar | Horse Collar |
| 12:02 | Crear | Villager (Male) |
| 12:03 | Crear | Villager (Male) |
| 12:03 | Crear | Villager (Male) |
| 12:03 | Crear | Villager (Male) |
| 12:11 | Construir | Barracks |
| 13:09 | Construir | Stone Wall |
| 13:21 | Construir | Farm |
| 13:22 | Construir | Farm |
| 13:25 | Construir | Farm |
| 13:26 | Construir | Farm |
| 13:27 | Construir | Farm |
| 13:58 | Construir | Archery Range |
| 14:01 | Construir | Archery Range |
| 14:02 | Construir | Archery Range |
| 14:15 | Construir | Building 490 |
| 14:35 | Construir | House |
| 14:44 | Crear | Villager (Male) |
| 14:44 | Crear | Villager (Male) |
| 14:44 | Crear | Villager (Male) |
| 14:45 | Crear | Villager (Male) |
| 14:45 | Crear | Villager (Male) |
| 15:08 | Crear | Archer |
| 15:08 | Crear | Archer |
| 15:08 | Crear | Archer |
| 15:09 | Crear | Archer |
| 15:28 | Construir | Mining Camp |
| 15:42 | Crear | Villager (Male) |
| 15:42 | Crear | Villager (Male) |
| 15:58 | Construir | Blacksmith |
| 16:15 | Construir | Stone Wall |
| 16:32 | Construir | House |
| 16:33 | Construir | House |
| 16:43 | Crear | Archer |
| 16:44 | Crear | Archer |
| 16:44 | Crear | Archer |
| 16:56 | Construir | Farm |
| 17:07 | Construir | Market |
| 17:20 | Construir | Farm |
| 17:24 | Investigar | Fletching |
| 17:25 | Investigar | Padded Archer Armor |
| 17:46 | Construir | Farm |
| 18:33 | Construir | Farm |
| 20:41 | Construir | House |
| 20:42 | Construir | House |
| 20:43 | Construir | House |
| 20:45 | Construir | House |
| 21:27 | Investigar | Castle Age |
| 22:20 | Investigar | Stone Mining |
| 22:24 | Investigar | Gold Mining |
| 23:14 | Construir | Lumber Camp |
| 23:40 | Investigar | Scale Barding Armor |
| 23:51 | Crear | Villager (Male) |
| 23:52 | Crear | Villager (Male) |
| 23:52 | Crear | Villager (Male) |
| 24:07 | Edad | Edad de los Castillos |
| 24:56 | Crear | Trade Cart |
| 24:56 | Crear | Trade Cart |
| 24:56 | Crear | Trade Cart |
| 25:01 | Investigar | Caravan |
| 25:11 | Construir | Farm |
| 25:12 | Construir | Farm |
| 25:18 | Crear | Villager (Male) |
| 25:18 | Crear | Villager (Male) |
| 25:57 | Construir | Town Center |
| 26:04 | Investigar | Forging |
| 26:23 | Crear | Villager (Male) |
| 27:05 | Construir | University |
| 27:08 | Crear | Villager (Male) |
| 27:09 | Crear | Villager (Male) |
| 27:09 | Crear | Villager (Male) |
| 27:09 | Crear | Villager (Male) |
| 27:43 | Construir | Farm |
| 28:16 | Construir | Farm |
| 28:19 | Investigar | Heavy Plow |
| 28:22 | Crear | Villager (Male) |
| 28:23 | Crear | Villager (Male) |
| 28:40 | Construir | Mining Camp |
| 28:51 | Construir | Farm |
| 28:57 | Construir | Farm |
| 29:06 | Crear | Villager (Male) |
| 29:06 | Crear | Villager (Male) |
| 29:12 | Investigar | Crossbowman (upgrade) |
| 29:51 | Investigar | Bow Saw |
| 30:07 | Construir | Castle |
| 30:12 | Investigar | Town Watch |
| 30:14 | Crear | Villager (Male) |
| 30:15 | Crear | Villager (Male) |
| 30:37 | Crear | Archer |
| 30:37 | Crear | Archer |
| 30:38 | Crear | Archer |
| 30:38 | Crear | Archer |
| 30:38 | Crear | Archer |
| 30:39 | Crear | Archer |
| 30:39 | Crear | Archer |
| 30:39 | Crear | Archer |
| 30:40 | Crear | Archer |
| 30:40 | Crear | Archer |
| 30:40 | Crear | Archer |
| 30:40 | Crear | Archer |
| 30:41 | Crear | Archer |
| 30:41 | Crear | Archer |
| 30:41 | Crear | Archer |
| 30:42 | Crear | Archer |
| 30:51 | Investigar | Wheelbarrow |
| 31:35 | Investigar | Gold Shaft Mining |
| 31:44 | Investigar | Treadmill Crane |
| 31:47 | Investigar | Ballistics |
| 31:50 | Investigar | Masonry |
| 32:13 | Construir | Farm |
| 32:36 | Investigar | Bodkin Arrow |
| 32:45 | Crear | Villager (Male) |
| 32:45 | Crear | Villager (Male) |
| 33:17 | Investigar | Leather Archer Armor |
| 33:25 | Crear | Villager (Male) |
| 33:25 | Crear | Villager (Male) |
| 34:29 | Investigar | Hand Cart |
| 34:37 | Construir | Mining Camp |
Build order — RiskyEh
Primeras 150 de 377 acciones detectadas
| 0:16 | Investigar | Loom |
| 0:17 | Crear | Villager (Male) ×4 |
| 0:17 | Crear | Villager (Male) |
| 0:53 | Construir | House |
| 0:55 | Construir | House |
| 0:57 | Construir | House |
| 1:00 | Construir | House |
| 2:24 | Crear | Villager (Male) |
| 4:18 | Crear | Villager (Male) |
| 4:19 | Crear | Villager (Male) |
| 4:19 | Crear | Villager (Male) |
| 4:19 | Crear | Villager (Male) |
| 4:19 | Crear | Villager (Male) |
| 4:39 | Construir | Lumber Camp |
| 5:16 | Crear | Villager (Male) |
| 5:17 | Crear | Villager (Male) |
| 5:17 | Crear | Villager (Male) |
| 5:54 | Crear | Villager (Male) |
| 5:55 | Crear | Villager (Male) |
| 6:18 | Crear | Villager (Male) |
| 6:18 | Crear | Villager (Male) |
| 6:18 | Crear | Villager (Male) |
| 7:15 | Crear | Villager (Male) |
| 7:16 | Crear | Villager (Male) |
| 7:16 | Crear | Villager (Male) |
| 8:05 | Construir | Mill |
| 9:05 | Crear | Villager (Male) |
| 9:05 | Crear | Villager (Male) |
| 9:07 | Crear | Villager (Male) |
| 10:34 | Investigar | Feudal Age |
| 11:10 | Construir | Mining Camp |
| 11:18 | Construir | House |
| 11:19 | Construir | House |
| 11:28 | Construir | House |
| 11:53 | Crear | Villager (Male) ×7 |
| 11:53 | Crear | Villager (Male) |
| 12:43 | Construir | Mining Camp |
| 13:08 | Construir | House |
| 13:09 | Construir | House |
| 13:12 | Construir | House |
| 13:18 | Crear | Villager (Male) |
| 13:18 | Crear | Villager (Male) |
| 13:20 | Investigar | Town Watch |
| 14:30 | Construir | Farm |
| 14:33 | Construir | Farm |
| 14:36 | Construir | Farm |
| 14:55 | Construir | Market |
| 15:01 | Construir | Farm |
| 15:07 | Construir | Farm |
| 15:13 | Construir | Farm |
| 15:19 | Construir | Blacksmith |
| 15:24 | Construir | Farm |
| 15:26 | Crear | Villager (Male) ×3 |
| 15:26 | Crear | Villager (Male) |
| 16:08 | Construir | Stone Wall |
| 16:20 | Construir | Barracks |
| 16:45 | Construir | Farm |
| 16:51 | Construir | Farm |
| 17:19 | Construir | Farm |
| 17:29 | Construir | Farm |
| 17:55 | Construir | Stone Wall |
| 18:02 | Construir | Building 490 |
| 18:15 | Construir | Farm |
| 18:18 | Construir | Farm |
| 18:22 | Crear | Villager (Male) |
| 18:22 | Crear | Villager (Male) |
| 18:25 | Crear | Villager (Male) |
| 18:25 | Crear | Villager (Male) |
| 18:48 | Construir | Stone Wall |
| 18:57 | Crear | Eagle Scout |
| 18:58 | Crear | Eagle Scout |
| 19:14 | Construir | Farm |
| 19:22 | Construir | Farm |
| 20:43 | Investigar | Castle Age |
| 20:51 | Crear | Eagle Scout ×6 |
| 20:51 | Crear | Eagle Scout |
| 21:05 | Crear | Eagle Scout |
| 21:06 | Crear | Eagle Scout |
| 21:13 | Investigar | Scale Mail Armor |
| 21:53 | Construir | Stone Wall |
| 22:00 | Construir | Barracks |
| 22:39 | Construir | Lumber Camp |
| 23:47 | Crear | Eagle Scout |
| 23:47 | Crear | Eagle Scout |
| 23:51 | Investigar | Eagle Warrior (upgrade) |
| 24:07 | Crear | Eagle Scout ×3 |
| 24:07 | Crear | Eagle Scout |
| 24:41 | Construir | Castle |
| 25:58 | Crear | Villager (Male) |
| 25:59 | Crear | Villager (Male) ×5 |
| 25:59 | Crear | Villager (Male) |
| 26:36 | Construir | Farm |
| 26:40 | Construir | Farm |
| 26:43 | Construir | Farm |
| 26:51 | Construir | Farm |
| 26:57 | Investigar | Squires |
| 27:01 | Crear | Eagle Scout |
| 27:01 | Crear | Eagle Scout |
| 27:06 | Crear | Eagle Scout |
| 27:28 | Construir | House |
| 27:29 | Construir | House |
| 27:31 | Construir | House |
| 27:33 | Construir | House |
| 27:34 | Construir | House |
| 27:59 | Construir | House |
| 28:00 | Construir | House |
| 28:08 | Crear | Villager (Male) ×6 |
| 28:08 | Crear | Villager (Male) |
| 28:22 | Crear | Eagle Scout ×2 |
| 28:22 | Crear | Eagle Scout |
| 28:26 | Investigar | Gambesons |
| 28:58 | Construir | Castle |
| 29:21 | Crear | Eagle Scout |
| 29:22 | Crear | Eagle Scout |
| 29:25 | Investigar | Arson |
| 29:26 | Crear | Eagle Scout |
| 29:26 | Crear | Eagle Scout |
| 30:45 | Crear | Eagle Scout ×2 |
| 30:45 | Crear | Eagle Scout |
| 30:59 | Crear | Villager (Male) ×11 |
| 31:00 | Crear | Villager (Male) |
| 31:48 | Construir | Farm |
| 32:06 | Construir | Town Center |
| 32:24 | Construir | Farm |
| 32:32 | Construir | House |
| 32:35 | Construir | House |
| 32:37 | Construir | House |
| 33:02 | Construir | Farm |
| 33:25 | Crear | Eagle Scout ×5 |
| 33:25 | Crear | Eagle Scout |
| 35:12 | Construir | Town Center |
| 35:35 | Crear | Villager (Male) |
| 35:35 | Crear | Villager (Male) |
| 35:35 | Crear | Villager (Male) |
| 35:35 | Crear | Villager (Male) |
| 35:37 | Crear | Villager (Male) |
| 35:38 | Crear | Villager (Male) |
| 35:39 | Investigar | Wheelbarrow |
| 35:49 | Crear | Jaguar Warrior ×5 |
| 35:49 | Crear | Jaguar Warrior |
| 37:07 | Construir | Siege Workshop |
| 38:01 | Crear | Villager (Male) |
| 38:01 | Crear | Villager (Male) |
| 38:02 | Crear | Villager (Male) |
| 38:02 | Crear | Villager (Male) |
| 38:02 | Crear | Villager (Male) |
| 38:16 | Crear | Eagle Scout ×6 |
| 38:16 | Crear | Eagle Scout |
| 38:29 | Construir | Siege Workshop |
| 38:32 | Crear | Battering Ram |
Build order — Bonaparte
Primeras 150 de 547 acciones detectadas
| 0:11 | Construir | House |
| 0:13 | Construir | House |
| 0:34 | Investigar | Loom |
| 0:35 | Crear | Villager (Male) |
| 0:35 | Crear | Villager (Male) |
| 0:35 | Crear | Villager (Male) |
| 0:36 | Crear | Villager (Male) |
| 0:36 | Crear | Villager (Male) |
| 0:36 | Crear | Villager (Male) |
| 2:30 | Crear | Villager (Male) |
| 2:31 | Crear | Villager (Male) |
| 2:31 | Crear | Villager (Male) |
| 2:31 | Crear | Villager (Male) |
| 3:04 | Crear | Villager (Male) |
| 3:04 | Crear | Villager (Male) |
| 3:25 | Crear | Villager (Male) |
| 3:25 | Crear | Villager (Male) |
| 3:25 | Crear | Villager (Male) |
| 3:43 | Crear | Villager (Male) |
| 3:43 | Crear | Villager (Male) |
| 3:44 | Crear | Villager (Male) |
| 4:51 | Crear | Villager (Male) |
| 4:52 | Crear | Villager (Male) |
| 4:52 | Crear | Villager (Male) |
| 4:53 | Crear | Villager (Male) |
| 5:00 | Construir | House |
| 5:01 | Construir | House |
| 6:12 | Construir | Lumber Camp |
| 6:18 | Crear | Villager (Male) |
| 6:20 | Crear | Villager (Male) |
| 6:20 | Crear | Villager (Male) |
| 6:21 | Crear | Villager (Male) |
| 9:00 | Crear | Villager (Male) |
| 9:00 | Crear | Villager (Male) |
| 10:04 | Construir | Mill |
| 10:19 | Crear | Villager (Male) |
| 10:42 | Investigar | Feudal Age |
| 10:49 | Construir | Mining Camp |
| 11:01 | Crear | Villager (Male) |
| 11:01 | Crear | Villager (Male) |
| 11:16 | Crear | Villager (Male) |
| 11:18 | Crear | Villager (Male) |
| 11:19 | Crear | Villager (Male) |
| 11:25 | Construir | Farm |
| 11:27 | Construir | Farm |
| 11:30 | Construir | Farm |
| 11:31 | Construir | Farm |
| 11:33 | Construir | Farm |
| 11:48 | Construir | Mining Camp |
| 11:59 | Construir | Farm |
| 12:03 | Construir | Farm |
| 12:06 | Construir | Farm |
| 12:08 | Construir | Farm |
| 12:11 | Construir | Farm |
| 12:40 | Construir | House |
| 12:42 | Construir | House |
| 12:54 | Edad | Edad Feudal |
| 12:57 | Investigar | Town Watch |
| 13:19 | Investigar | Double-Bit Axe |
| 14:28 | Construir | Watch Tower |
| 14:42 | Investigar | Wheelbarrow |
| 15:02 | Investigar | Horse Collar |
| 15:32 | Crear | Villager (Male) |
| 15:33 | Crear | Villager (Male) |
| 15:34 | Crear | Villager (Male) |
| 15:36 | Crear | Villager (Male) |
| 15:36 | Crear | Villager (Male) |
| 16:26 | Construir | Barracks |
| 17:33 | Construir | Archery Range |
| 18:12 | Crear | Spearman |
| 18:14 | Crear | Spearman |
| 18:15 | Crear | Spearman |
| 18:15 | Crear | Spearman |
| 18:19 | Crear | Spearman |
| 18:28 | Crear | Archer |
| 18:29 | Crear | Archer |
| 18:29 | Crear | Archer |
| 18:30 | Crear | Archer |
| 18:30 | Crear | Archer |
| 18:36 | Construir | House |
| 18:38 | Construir | House |
| 20:03 | Crear | Archer |
| 20:05 | Crear | Archer |
| 20:19 | Crear | Villager (Male) |
| 20:19 | Crear | Villager (Male) |
| 20:20 | Crear | Villager (Male) |
| 20:21 | Crear | Villager (Male) |
| 20:21 | Crear | Villager (Male) |
| 20:37 | Construir | House |
| 20:39 | Construir | House |
| 20:40 | Construir | House |
| 20:42 | Construir | House |
| 20:47 | Crear | Spearman |
| 20:49 | Crear | Spearman |
| 21:01 | Construir | Farm |
| 21:57 | Construir | Farm |
| 21:58 | Construir | Farm |
| 22:18 | Construir | Farm |
| 22:32 | Construir | Farm |
| 22:45 | Construir | Blacksmith |
| 23:01 | Construir | Lumber Camp |
| 24:17 | Construir | Market |
| 24:34 | Crear | Villager (Male) |
| 24:34 | Crear | Villager (Male) |
| 24:35 | Crear | Villager (Male) |
| 24:35 | Crear | Villager (Male) |
| 26:26 | Crear | Villager (Male) |
| 26:26 | Crear | Villager (Male) |
| 26:27 | Crear | Villager (Male) |
| 26:27 | Crear | Villager (Male) |
| 26:37 | Construir | House |
| 26:38 | Construir | House |
| 26:39 | Construir | House |
| 26:41 | Construir | House |
| 26:42 | Construir | House |
| 26:48 | Investigar | Forging |
| 26:57 | Crear | Trade Cart |
| 26:57 | Crear | Trade Cart |
| 26:58 | Crear | Trade Cart |
| 26:58 | Crear | Trade Cart |
| 27:13 | Investigar | Castle Age |
| 29:12 | Investigar | Gold Mining |
| 29:14 | Investigar | Stone Mining |
| 29:15 | Investigar | Stone Mining |
| 29:42 | Construir | Barracks |
| 29:44 | Construir | Barracks |
| 30:46 | Edad | Edad de los Castillos |
| 31:47 | Investigar | Coinage |
| 31:50 | Investigar | Caravan |
| 32:03 | Investigar | Crossbowman (upgrade) |
| 32:08 | Investigar | Pikeman (upgrade) |
| 32:19 | Construir | Archery Range |
| 32:20 | Construir | Archery Range |
| 32:27 | Investigar | Bow Saw |
| 32:31 | Investigar | Heavy Plow |
| 33:03 | Investigar | Town Patrol |
| 33:04 | Investigar | Hand Cart |
| 33:31 | Investigar | Gold Shaft Mining |
| 33:58 | Crear | Villager (Male) |
| 33:59 | Crear | Villager (Male) |
| 33:59 | Crear | Villager (Male) |
| 34:00 | Crear | Villager (Male) |
| 34:16 | Construir | Town Center |
| 34:34 | Construir | Monastery |
| 35:23 | Investigar | Squires |
| 35:36 | Construir | Farm |
| 35:44 | Construir | Farm |
| 36:00 | Construir | University |
| 36:03 | Crear | Monk |
| 36:13 | Construir | Farm |
Build order — anon
110 acciones detectadas en el replay
| 0:04 | Crear | Villager (Male) |
| 0:04 | Crear | Villager (Male) |
| 0:04 | Crear | Villager (Male) |
| 0:04 | Crear | Villager (Male) |
| 0:04 | Crear | Villager (Male) |
| 0:04 | Crear | Villager (Male) |
| 0:04 | Crear | Villager (Male) |
| 0:04 | Crear | Villager (Male) |
| 0:04 | Crear | Villager (Male) |
| 0:04 | Crear | Villager (Male) |
| 0:04 | Crear | Villager (Male) |
| 0:04 | Crear | Villager (Male) |
| 0:21 | Construir | House |
| 0:23 | Construir | House |
| 0:25 | Construir | House |
| 1:52 | Crear | Villager (Male) |
| 2:36 | Crear | Villager (Male) |
| 2:36 | Crear | Villager (Male) |
| 3:07 | Construir | Lumber Camp |
| 3:44 | Crear | Villager (Male) |
| 4:24 | Crear | Villager (Male) |
| 4:24 | Crear | Villager (Male) |
| 4:24 | Crear | Villager (Male) |
| 5:24 | Crear | Villager (Male) |
| 5:25 | Crear | Villager (Male) |
| 9:19 | Construir | Mill |
| 9:42 | Crear | Villager (Male) |
| 9:42 | Crear | Villager (Male) |
| 9:42 | Crear | Villager (Male) |
| 9:46 | Investigar | Loom |
| 9:46 | Crear | Villager (Male) |
| 9:46 | Crear | Villager (Male) |
| 9:46 | Crear | Villager (Male) |
| 9:47 | Crear | Villager (Male) |
| 9:47 | Crear | Villager (Male) |
| 10:38 | Crear | Villager (Male) |
| 10:38 | Crear | Villager (Male) |
| 10:38 | Crear | Villager (Male) |
| 10:38 | Crear | Villager (Male) |
| 10:38 | Crear | Villager (Male) |
| 10:38 | Crear | Villager (Male) |
| 10:38 | Crear | Villager (Male) |
| 11:35 | Construir | Mill |
| 11:59 | Construir | House |
| 11:59 | Construir | House |
| 11:59 | Construir | House |
| 11:59 | Construir | House |
| 11:59 | Construir | House |
| 11:59 | Construir | House |
| 11:59 | Construir | House |
| 11:59 | Construir | House |
| 11:59 | Construir | House |
| 11:59 | Construir | House |
| 11:59 | Construir | House |
| 11:59 | Construir | House |
| 11:59 | Construir | House |
| 11:59 | Construir | House |
| 11:59 | Construir | House |
| 11:59 | Construir | House |
| 11:59 | Construir | House |
| 11:59 | Construir | House |
| 11:59 | Construir | House |
| 11:59 | Construir | House |
| 11:59 | Construir | House |
| 11:59 | Construir | House |
| 11:59 | Construir | House |
| 11:59 | Construir | House |
| 11:59 | Construir | House |
| 11:59 | Construir | House |
| 12:00 | Construir | House |
| 12:00 | Construir | House |
| 12:00 | Construir | House |
| 12:00 | Construir | House |
| 12:00 | Construir | House |
| 12:01 | Construir | House |
| 12:01 | Construir | House |
| 12:01 | Construir | House |
| 12:01 | Construir | House |
| 12:01 | Construir | House |
| 12:01 | Construir | House |
| 12:01 | Construir | House |
| 12:01 | Construir | House |
| 12:01 | Construir | House |
| 13:44 | Investigar | Feudal Age |
| 14:25 | Construir | Barracks |
| 14:58 | Crear | Militia |
| 14:59 | Crear | Militia |
| 14:59 | Crear | Militia |
| 15:12 | Crear | Villager (Male) |
| 15:12 | Crear | Villager (Male) |
| 15:13 | Crear | Villager (Male) |
| 15:13 | Crear | Villager (Male) |
| 15:45 | Construir | House |
| 15:49 | Construir | House |
| 15:53 | Construir | House |
| 15:54 | Construir | House |
| 15:54 | Edad | Edad Feudal |
| 15:56 | Construir | House |
| 16:03 | Crear | Villager (Male) |
| 16:12 | Investigar | Man-at-Arms (upgrade) |
| 16:17 | Crear | Militia |
| 16:17 | Crear | Militia |
| 16:17 | Crear | Militia |
| 16:17 | Crear | Militia |
| 16:17 | Crear | Militia |
| 16:17 | Crear | Militia |
| 16:44 | Construir | Lumber Camp |
| 17:26 | Construir | Farm |
| 17:29 | Construir | Farm |
| 20:06 | Investigar | Castle Age |
Build order — CanKurt0
Primeras 150 de 385 acciones detectadas
| 0:13 | Crear | Villager (Male) ×4 |
| 0:13 | Crear | Villager (Male) ×4 |
| 0:14 | Construir | House |
| 0:15 | Construir | House |
| 1:39 | Crear | Villager (Male) |
| 2:16 | Crear | Villager (Male) |
| 2:16 | Crear | Villager (Male) |
| 2:25 | Crear | Villager (Male) |
| 2:25 | Crear | Villager (Male) |
| 2:38 | Crear | Villager (Male) |
| 3:08 | Crear | Villager (Male) |
| 3:09 | Crear | Villager (Male) |
| 3:24 | Crear | Villager (Male) |
| 3:25 | Crear | Villager (Male) |
| 3:37 | Crear | Villager (Male) |
| 3:38 | Crear | Villager (Male) |
| 3:53 | Crear | Villager (Male) |
| 3:53 | Crear | Villager (Male) |
| 4:17 | Crear | Villager (Male) |
| 4:17 | Crear | Villager (Male) |
| 4:28 | Construir | House |
| 4:30 | Construir | House |
| 4:34 | Crear | Villager (Male) |
| 4:34 | Crear | Villager (Male) |
| 5:15 | Crear | Villager (Male) |
| 5:16 | Crear | Villager (Male) |
| 5:16 | Crear | Villager (Male) |
| 5:48 | Crear | Villager (Male) |
| 5:48 | Crear | Villager (Male) |
| 6:07 | Construir | Lumber Camp |
| 6:52 | Crear | Villager (Male) |
| 6:52 | Crear | Villager (Male) |
| 6:53 | Crear | Villager (Male) |
| 6:53 | Crear | Villager (Male) |
| 8:55 | Crear | Villager (Male) ×2 |
| 9:10 | Construir | Barracks |
| 9:15 | Construir | Mining Camp |
| 9:45 | Construir | Mill |
| 9:59 | Crear | Villager (Male) ×5 |
| 9:59 | Crear | Villager (Male) ×5 |
| 9:59 | Crear | Villager (Male) |
| 10:06 | Construir | House |
| 10:07 | Construir | House |
| 10:08 | Construir | House |
| 10:11 | Construir | House |
| 12:04 | Construir | Barracks |
| 12:08 | Investigar | Feudal Age |
| 12:08 | Investigar | Feudal Age |
| 12:25 | Investigar | Feudal Age |
| 13:33 | Construir | Farm |
| 13:36 | Construir | Farm |
| 13:49 | Construir | Farm |
| 13:53 | Construir | Farm |
| 13:58 | Construir | Lumber Camp |
| 14:04 | Construir | Farm |
| 14:07 | Construir | Farm |
| 14:48 | Construir | Mining Camp |
| 14:49 | Crear | Villager (Male) ×5 |
| 14:50 | Crear | Villager (Male) ×5 |
| 14:50 | Crear | Villager (Male) ×5 |
| 14:50 | Crear | Villager (Male) ×3 |
| 14:59 | Investigar | Double-Bit Axe |
| 15:28 | Investigar | Horse Collar |
| 15:32 | Investigar | Gold Mining |
| 16:12 | Construir | Market |
| 16:23 | Investigar | Wheelbarrow |
| 16:34 | Construir | Farm |
| 17:16 | Construir | Blacksmith |
| 17:29 | Construir | Farm |
| 17:49 | Construir | Farm |
| 18:00 | Construir | Farm |
| 18:02 | Construir | Farm |
| 18:18 | Construir | Farm |
| 18:39 | Construir | Farm |
| 19:35 | Crear | Trade Cart ×3 |
| 19:56 | Investigar | Castle Age |
| 19:57 | Investigar | Castle Age |
| 21:41 | Construir | Castle |
| 21:54 | Investigar | Hand Cart |
| 21:56 | Investigar | Bow Saw |
| 21:59 | Investigar | Heavy Plow |
| 23:37 | Crear | Karambit Warrior ×5 |
| 23:37 | Crear | Karambit Warrior ×5 |
| 23:38 | Crear | Karambit Warrior ×5 |
| 23:38 | Crear | Karambit Warrior ×5 |
| 24:07 | Investigar | Stone Mining |
| 24:12 | Crear | Villager (Male) |
| 24:12 | Crear | Villager (Male) |
| 24:48 | Construir | House |
| 24:49 | Construir | House |
| 24:51 | Construir | House |
| 24:52 | Construir | House |
| 24:53 | Construir | House |
| 24:55 | Construir | House |
| 24:56 | Construir | House |
| 24:57 | Construir | House |
| 25:05 | Construir | Farm |
| 25:17 | Construir | Castle |
| 25:38 | Construir | Farm |
| 25:44 | Crear | Villager (Male) |
| 25:44 | Crear | Villager (Male) |
| 25:44 | Crear | Villager (Male) |
| 25:47 | Crear | Karambit Warrior ×5 |
| 25:47 | Crear | Karambit Warrior ×5 |
| 25:47 | Crear | Karambit Warrior ×5 |
| 25:47 | Crear | Karambit Warrior ×4 |
| 26:51 | Construir | Farm |
| 26:55 | Construir | Farm |
| 27:13 | Construir | House |
| 27:22 | Construir | Farm |
| 27:38 | Investigar | Forging |
| 29:17 | Investigar | Gold Shaft Mining |
| 29:37 | Investigar | Imperial Age |
| 30:10 | Construir | Town Center |
| 30:45 | Construir | Lumber Camp |
| 31:04 | Crear | Villager (Male) ×5 |
| 31:05 | Crear | Villager (Male) ×5 |
| 31:36 | Investigar | Conscription |
| 31:42 | Investigar | Crop Rotation |
| 32:05 | Construir | Siege Workshop |
| 32:06 | Construir | Siege Workshop |
| 32:07 | Construir | Siege Workshop |
| 32:09 | Construir | Siege Workshop |
| 32:55 | Crear | Villager (Male) |
| 32:56 | Crear | Villager (Male) |
| 32:57 | Crear | Villager (Male) |
| 32:57 | Crear | Villager (Male) |
| 32:58 | Crear | Villager (Male) |
| 33:23 | Construir | University |
| 34:03 | Construir | Farm |
| 34:38 | Investigar | Elite Karambit Warrior (upgrade) |
| 35:01 | Crear | Spearman |
| 35:01 | Crear | Spearman |
| 35:29 | Investigar | Squires |
| 35:32 | Investigar | Pikeman (upgrade) |
| 35:43 | Crear | Karambit Warrior ×5 |
| 35:44 | Crear | Karambit Warrior ×3 |
| 35:44 | Crear | Karambit Warrior ×3 |
| 37:00 | Construir | Castle |
| 37:15 | Investigar | Stone Shaft Mining |
| 37:24 | Crear | Villager (Male) |
| 37:24 | Crear | Villager (Male) |
| 37:25 | Crear | Villager (Male) |
| 37:25 | Crear | Villager (Male) |
| 37:30 | Crear | Villager (Male) |
| 38:42 | Construir | Castle |
| 39:08 | Construir | Mining Camp |
| 39:29 | Crear | Karambit Warrior ×5 |
| 39:30 | Crear | Karambit Warrior ×5 |
| 39:31 | Crear | Karambit Warrior ×5 |
Build order — marciano.gazu
Primeras 150 de 607 acciones detectadas
| 0:15 | Construir | House |
| 0:16 | Construir | House |
| 0:24 | Crear | Villager (Male) |
| 0:37 | Crear | Villager (Male) |
| 1:26 | Crear | Villager (Male) |
| 1:37 | Crear | Villager (Male) |
| 2:08 | Crear | Villager (Male) |
| 2:28 | Crear | Villager (Male) |
| 3:22 | Crear | Villager (Male) |
| 3:28 | Crear | Villager (Male) |
| 3:48 | Crear | Villager (Male) |
| 3:53 | Construir | Lumber Camp |
| 3:56 | Crear | Villager (Male) |
| 4:30 | Crear | Villager (Male) |
| 4:45 | Crear | Villager (Male) |
| 5:38 | Crear | Villager (Male) |
| 5:52 | Construir | House |
| 6:16 | Crear | Villager (Male) |
| 6:20 | Investigar | Loom |
| 6:21 | Crear | Villager (Male) |
| 6:21 | Crear | Villager (Male) |
| 6:44 | Construir | House |
| 6:48 | Crear | Villager (Male) |
| 7:28 | Crear | Villager (Male) |
| 8:03 | Construir | Mill |
| 8:41 | Crear | Villager (Male) |
| 9:06 | Crear | Villager (Male) |
| 9:39 | Investigar | Feudal Age |
| 9:40 | Crear | Villager (Male) |
| 10:35 | Construir | Barracks |
| 10:39 | Crear | Villager (Male) |
| 11:23 | Crear | Villager (Male) |
| 11:35 | Construir | House |
| 11:38 | Crear | Villager (Male) |
| 11:49 | Edad | Edad Feudal |
| 12:12 | Construir | Mining Camp |
| 13:10 | Construir | House |
| 13:59 | Construir | Stable |
| 14:00 | Crear | Villager (Male) |
| 14:03 | Crear | Villager (Male) |
| 14:25 | Construir | House |
| 14:37 | Construir | Blacksmith |
| 14:47 | Crear | Scout Cavalry |
| 14:47 | Crear | Scout Cavalry |
| 14:47 | Crear | Scout Cavalry |
| 14:48 | Crear | Scout Cavalry |
| 14:48 | Crear | Scout Cavalry |
| 14:49 | Crear | Scout Cavalry |
| 14:50 | Crear | Scout Cavalry |
| 14:53 | Investigar | Bloodlines |
| 15:11 | Construir | Blacksmith |
| 15:20 | Construir | Farm |
| 15:22 | Crear | Villager (Male) |
| 15:35 | Construir | Farm |
| 15:51 | Construir | Farm |
| 16:06 | Construir | Farm |
| 16:11 | Construir | Farm |
| 16:20 | Construir | House |
| 16:38 | Construir | Farm |
| 16:47 | Construir | Farm |
| 16:57 | Construir | House |
| 16:59 | Crear | Villager (Male) |
| 17:29 | Construir | Farm |
| 17:42 | Construir | Farm |
| 18:24 | Construir | House |
| 18:26 | Crear | Villager (Male) |
| 18:28 | Crear | Villager (Male) |
| 18:29 | Crear | Villager (Male) |
| 18:36 | Construir | Mining Camp |
| 18:47 | Construir | Farm |
| 19:20 | Crear | Villager (Male) |
| 19:20 | Crear | Villager (Male) |
| 19:25 | Construir | Farm |
| 19:28 | Construir | Farm |
| 19:30 | Investigar | Scale Barding Armor |
| 21:24 | Crear | Villager (Male) |
| 21:25 | Crear | Villager (Male) |
| 21:27 | Crear | Villager (Male) |
| 21:30 | Construir | House |
| 22:16 | Construir | House |
| 22:22 | Construir | Lumber Camp |
| 23:15 | Construir | Farm |
| 23:21 | Construir | Lumber Camp |
| 23:40 | Construir | Market |
| 23:42 | Construir | House |
| 24:18 | Investigar | Castle Age |
| 24:58 | Construir | House |
| 25:37 | Construir | House |
| 26:58 | Edad | Edad de los Castillos |
| 27:09 | Construir | House |
| 27:10 | Crear | Villager (Male) |
| 27:11 | Crear | Villager (Male) |
| 27:16 | Investigar | Husbandry |
| 27:20 | Crear | Villager (Male) |
| 27:32 | Construir | Castle |
| 27:41 | Crear | Villager (Male) |
| 27:41 | Crear | Villager (Male) |
| 27:46 | Construir | House |
| 27:48 | Crear | Villager (Male) |
| 28:02 | Construir | Farm |
| 28:15 | Construir | University |
| 28:26 | Crear | Villager (Male) |
| 28:45 | Construir | Town Center |
| 28:49 | Crear | Knight |
| 28:50 | Crear | Knight |
| 28:50 | Crear | Knight |
| 28:51 | Crear | Knight |
| 28:53 | Crear | Knight |
| 28:55 | Crear | Knight |
| 29:03 | Investigar | Gold Mining |
| 29:08 | Investigar | Double-Bit Axe |
| 29:14 | Investigar | Horse Collar |
| 29:52 | Construir | Stable |
| 29:57 | Crear | Villager (Male) |
| 31:50 | Crear | Villager (Male) |
| 31:52 | Crear | Knight |
| 31:53 | Crear | Knight |
| 31:56 | Investigar | Chain Barding Armor |
| 32:01 | Crear | Villager (Male) |
| 32:02 | Crear | Villager (Male) |
| 32:02 | Crear | Villager (Male) |
| 32:02 | Crear | Villager (Male) |
| 32:08 | Construir | Farm |
| 32:13 | Construir | Farm |
| 32:17 | Construir | Farm |
| 32:40 | Construir | Farm |
| 33:02 | Construir | Farm |
| 33:05 | Crear | Villager (Male) |
| 33:08 | Crear | Villager (Male) |
| 33:10 | Crear | Villager (Male) |
| 33:22 | Construir | Farm |
| 33:29 | Crear | Villager (Male) |
| 33:29 | Crear | Villager (Male) |
| 33:30 | Crear | Villager (Male) |
| 34:53 | Construir | Farm |
| 34:56 | Construir | Farm |
| 34:58 | Construir | Farm |
| 35:29 | Crear | Villager (Male) |
| 35:30 | Crear | Villager (Male) |
| 35:30 | Crear | Villager (Male) |
| 35:31 | Crear | Villager (Male) |
| 35:31 | Crear | Villager (Male) |
| 35:38 | Crear | Villager (Male) |
| 35:59 | Construir | Castle |
| 36:22 | Crear | Knight |
| 36:23 | Crear | Knight |
| 36:23 | Crear | Knight |
| 36:23 | Crear | Knight |
| 36:24 | Crear | Knight |
| 36:24 | Crear | Knight |
Cronología de la partida
| 9:10 | CanKurt0 · first_building Barracks |
| 10:04 | Naptime · first_building Barracks |
| 10:35 | marciano.gazu · first_building Barracks |
| 11:00 | armimen56 · age_up feudal |
| 11:37 | titobr6 · age_up feudal |
| 11:49 | marciano.gazu · age_up feudal |
| 12:05 | Naptime · age_up feudal |
| 12:11 | titobr6 · first_building Barracks |
| 12:54 | Bonaparte · age_up feudal |
| 13:09 | titobr6 · wall_segment Stone Wall x11 |
| 13:58 | titobr6 · first_building Archery Range |
| 13:59 | marciano.gazu · first_building Stable |
| 14:20 | armimen56 · first_building Barracks |
| 14:25 | anon · first_building Barracks |
| 15:18 | armimen56 · first_building Stable |
| 15:54 | anon · age_up feudal |
| 16:08 | RiskyEh · wall_segment Stone Wall x8 |
| 16:15 | titobr6 · wall_segment Stone Wall x7 |
| 16:20 | RiskyEh · first_building Barracks |
| 16:26 | Bonaparte · first_building Barracks |
| 17:33 | Bonaparte · first_building Archery Range |
| 17:55 | RiskyEh · wall_segment Stone Wall x20 |
| 18:15 | armimen56 · first_building Archery Range |
| 18:48 | RiskyEh · wall_segment Stone Wall x11 |
| 19:22 | CanKurt0 · first_market_buy 100 food |
| 20:32 | Naptime · first_building Stable |
| 21:08 | anon · resign |
| 21:41 | CanKurt0 · first_building Castle |
| 21:53 | RiskyEh · wall_segment Stone Wall x25 |
| 21:58 | Naptime · first_building Archery Range |
| 23:28 | armimen56 · age_up castle |
| 24:07 | titobr6 · age_up castle |
| 24:41 | RiskyEh · first_building Castle |
| 26:58 | marciano.gazu · age_up castle |
| 27:32 | marciano.gazu · first_building Castle |
| 28:24 | marciano.gazu · first_market_buy 100 food |
| 28:33 | armimen56 · first_building Castle |
| 29:36 | CanKurt0 · first_market_sell 100 wood |
| 30:07 | titobr6 · first_building Castle |
| 30:46 | Bonaparte · age_up castle |
| 31:21 | Naptime · age_up castle |
| 32:05 | CanKurt0 · first_building Siege Workshop |
| 32:19 | Naptime · first_market_buy 100 wood |
| 34:34 | Bonaparte · first_building Monastery |
| 37:07 | RiskyEh · first_building Siege Workshop |
| 37:38 | armimen56 · age_up imperial |
| 37:45 | Bonaparte · first_building Siege Workshop |
| 37:45 | Naptime · first_building Castle |
| 38:19 | Bonaparte · first_building Castle |
| 40:19 | marciano.gazu · first_market_sell 100 wood |
| 40:28 | titobr6 · age_up imperial |
| 41:18 | armimen56 · first_building Siege Workshop |
| 41:20 | marciano.gazu · first_building Siege Workshop |
| 41:56 | Naptime · first_building Monastery |
| 42:12 | marciano.gazu · first_building Monastery |
| 43:32 | marciano.gazu · age_up imperial |
| 44:19 | titobr6 · first_market_sell 100 wood |
| 44:23 | titobr6 · first_market_buy 100 food |
| 45:17 | armimen56 · first_market_buy 100 food |
| 46:09 | Bonaparte · age_up imperial |
| 48:37 | Bonaparte · first_market_buy 100 stone |
| 48:48 | RiskyEh · first_market_sell 100 stone |
| 52:17 | Naptime · first_market_sell 100 food |
| 55:32 | Naptime · age_up imperial |
| 74:16 | armimen56 · first_market_sell 100 wood |
| 90:14 | CanKurt0 · first_building Stable |
[ ANÁLISIS IA · 1 CRÉDITO ]
¿Qué pasó realmente en esta partida?
Wolo.gg analiza cada decisión: build order, eco, micro, errores típicos por bracket. Análisis personalizado por WhatsApp o Discord en 30 segundos.
Guía civ
Celtas
Perfil
Jugador #21670554